 Dungeon Crawl Stone Soup version 0.25-a0-283-ge7e91ba8d0 (webtiles) character file.

Game seed: 11323380478899748699, levelgen mode: deterministic

107 MrRokkomies the Skirmisher (level 4, -1/38 HPs)
             Began as a Barachi Abyssal Knight on Dec 11, 2019.
             Was a Follower of Lugonu.
             Slain by a worm (6 damage)
             ... on level 2 of the Dungeon.
             The game lasted 00:03:02 (1645 turns).

MrRokkomies the Skirmisher (Barachi Abyssal Knight) Turns: 1645, Time: 00:03:03

Health: -1/38      AC:  6    Str: 14    XL:     4   Next: 86%
Magic:  5/5        EV:  9    Int: 13    God:    Lugonu [*.....]
Gold:   84         SH:  0    Dex: 11    Spells: 3/3 levels left

rFire    . . .     SeeInvis .   a - +1 falchion
rCold    . . .     Gourm    .   (no shield)
rNeg     . . .     Faith    .   r - +0 scale mail
rPois    .         Spirit   .   (no helmet)
rElec    .         Reflect  .   (no cloak)
rCorr    .         Harm     .   (no gloves)
MR       .....                  (no boots)
Stlth    ..........             (no amulet)
HPRegen  0.12/turn              (no ring)
MPRegen  0.09/turn              (no ring)

@: slow
A: +LOS, swims, slowness 1, strong legs 1
a: Hop, Depart the Abyss, Renounce Religion


You were on level 2 of the Dungeon.
You worshipped Lugonu.
Lugonu was aware of your devotion.
You were not hungry.

You visited 1 branch of the dungeon, and saw 2 of its levels.
You visited the Abyss 1 time.

You collected 84 gold pieces.

Inventory:

Hand Weapons
 a - a +1 falchion (weapon)
 b - a +0 hunting sling
Missiles
 d - 8 poisoned darts (quivered)
 g - 26 stones
 m - 9 arrows
Armour
 f - a +0 leather armour
 i - a +0 chain mail
 r - a +0 scale mail (worn)
Scrolls
 c - 3 scrolls of enchant armour {unknown}
 k - 2 scrolls of teleportation {unknown}
 o - 4 scrolls of identify {unknown}
Potions
 e - 2 potions of brilliance {unknown}
 h - a potion of flight {unknown}
 j - a potion of ambrosia {unknown}
 l - a potion of mutation {unknown}
 n - 2 potions of might {unknown}
 q - a potion of agility {unknown}
Comestibles
 p - 2 rations


   Skills:
 * Level 4.8 Fighting
 * Level 3.8 Long Blades
 - Level 2.4 Armour
 + Level 2.1 Dodging
 + Level 2.3 Invocations


You had 3 spell levels left.
You didn't know any spells.
Your spell library was empty.

Dungeon Overview and Level Annotations

Branches:
Dungeon (2/15)

Altars:
Makhleb
Ru

Annotations:
D:2 Natasha


Innate Abilities, Weirdness & Mutations

You can be seen from farther away. (+LOS)
You can swim through water.
You cover ground slowly.
You can hop short distances.


Message History

You kill Natasha!
Lugonu accepts your kill.
Natasha screams in fury as she dies!
The crimson imp disappears in a puff of smoke!
You slash the rat!
You kill the rat!
Lugonu accepts your kill.
You hit the goblin.
You kill the goblin!
Lugonu accepts your kill. The worm bites you!
* * * LOW HITPOINT WARNING * * *
Found a robe.
Things that are here:
a rat corpse; a kobold corpse; a frilled lizard corpse You hit the worm.
The worm is lightly wounded.
Natasha, Servant of Life and Death comes into view.
The worm bites you.
You die...

... #.#.######## #.
.... #)#.# ## ...
#<# # ... ### ####
# ..[. ..# .....
#.# ......
#.######## ####
.......###........#
#...
.......w@'........#
#...
.......###........#
#... ######
#........# #...
#.....)h.# ####
#........#######
#...............
#######.........
#.......).
#.........


You could see a worm and Natasha.

Vanquished Creatures
  Jessica (D:2)
  Natasha (D:2)
  An adder (D:2)
  An ooze (D:1)
  A dart slug (D:1)
  5 goblins
  2 hobgoblins
  8 jackals
  2 quokkas (D:2)
  6 bats
  4 frilled lizards
  5 kobolds
  6 rats
43 creatures vanquished.

Notes
Turn   | Place    | Note
-------+----------+-------------------------------------------
     0 | Abyss:1  | MrRokkomies the Barachi Abyssal Knight began the quest for
                  | the Orb.
     0 | Abyss:1  | Reached XP level 1. HP: 18/18 MP: 2/2
    57 | Abyss:1  | Noticed an ancient zyme
    61 | D:1      | Escaped the Abyss
   126 | D:1      | Reached * piety under Lugonu
   355 | D:1      | Reached XP level 2. HP: 21/25 MP: 3/3
   592 | D:1      | Reached skill level 4 in Fighting
   885 | D:1      | Reached XP level 3. HP: 26/30 MP: 4/4
  1036 | D:2      | Noticed Jessica
  1261 | D:2      | Killed Jessica
  1261 | D:2      | Reached XP level 4. HP: 38/38 MP: 5/5
  1436 | D:2      | Found a burning altar of Makhleb.
  1439 | D:2      | Found a sacrificial altar of Ru.
  1623 | D:2      | Noticed Natasha
  1641 | D:2      | Killed Natasha
  1645 | D:2      | Noticed Natasha
  1645 | D:2      | Slain by a worm

Levels and vault maps discovered:
D:1:      elethiomel_arrival_quiet, layout_basic
D:2:      minmay_spotlight, layout_basic, bloody_makhleb,
          nicolae_ru_path_of_blood, first_ration, uniq_jessica, uniq_natasha

Skill      XL: |  1  2  3  4 |
---------------+-------------+-----
Fighting       | 4 |  4.8
Long Blades    | 3 |  3.8
Invocations    | 2 |  2.3
Dodging        | 2 |  2.1
Armour         | |  2.4

Action                   |  1- 3 |  4- 6 || total
-------------------------+-------+-------++-------
Melee: Falchion          |    69 |    62 ||   131
       Unarmed           |     5 |       ||     5
 Fire: Hunting sling     |     4 |    10 ||    14
Throw: Dart              |     8 |     4 ||    12
Invok: Depart the Abyss  |     1 |       ||     1
  Eat: Ration            |     1 |       ||     1
Armor: Leather armour    |    25 |    11 ||    36
       Skin              |     3 |       ||     3
       Scale mail        |       |     4 ||     4
Dodge: Dodged            |    66 |    46 ||   112
       Rpst.: Falchion   |    24 |     7 ||    31

Table legend:
 A = Non-vault XP
 B = Vault XP
 C = Vault XP percentage of total XP
 D = Non-vault monster count
 E = Vault monster count
 F = Vault count percentage of total count
                 A         B        C        D         E       F
            +---------+---------+-------+---------+---------+-------
      Total |      79 |      75 |  48.7 |      39 |       4 |   9.3
            +---------+---------+-------+---------+---------+-------
        D:1 |      38 |       0 |   0.0 |      20 |       0 |   0.0
        D:2 |      41 |      75 |  64.7 |      19 |       4 |  17.4
            +---------+---------+-------+---------+---------+-------
